Map: Ever Dream LE

Players

Anqueetus - Winner!

  • Race: Protoss Protoss
  • League: Gold
  • Spawn Location: 7:00

A.I. 1 (Easy)

  • Race: Protoss Protoss
  • Spawn Location: 1:00

VOD

Have the link to the VOD?

Description

Time

  • Played on: June 14, 2020, 11:29 a.m.
  • Length: 8:07
Show
View Real Time Build Order
Export as new Build Order

Anqueetus Protoss - Winner!

Build Orders: 1 Gate Expand 

Get SALT Encoding   

  12  0:03  Probe  
  13  0:18  Probe  
  13  0:19  Pylon  
  14  0:30  Probe  
  15  0:40  Probe  
  16  0:44  Gateway  
  16  0:49  Probe  
  16  0:55  Assimilator  
  17  0:58  Probe  
  18  1:10  Probe  
  19  1:23  Probe  
  20  1:32  Nexus  
  20  1:35  Probe  
  21  1:44  Cybernetics Core  
  21  1:52  Assimilator  
  21  1:53  Pylon  
  21  1:54  Probe  
  22  2:11  Warp Gate, Adept  
  22  2:12  Probe  
  25  2:29  Probe  
  26  2:40  Stalker  
  28  2:49  Probe  
  28  2:50  Probe  
  30  2:58  Probe  
  30  3:01  Probe  
  32  3:17  Gateway  
  32  3:20  Robotics Facility  
  32  3:22  Pylon  
  32  3:26  Probe  
  33  3:27  Probe  
  34  3:49  Probe  
  34  3:50  Probe  
  36  4:00  Immortal  
  36  4:01  Gateway  
  36  4:02  Gateway  
  36  4:08  Sentry  
  38  4:12  Probe x2  
  44  4:17  Sentry  
  46  4:33  Stalker  
  46  4:37  Immortal  
  52  4:46  Stalker  
  52  4:52  Assimilator  
  54  4:55  Pylon  
  54  4:58  Pylon  
  54  5:01  Pylon  
  54  5:09  Warp Prism  
  54  5:13  Probe x2  
  56  5:15  Sentry x2  
  56  5:17  Zealot x2  
  66  5:30  Probe x2  
  68  5:37  Assimilator  
  68  5:38  Probe x2  
  70  5:46  Probe  
  70  5:55  Zealot x3  
  77  6:07  Pylon  
  73  6:23  Sentry  
  73  6:24  Stalker  
  77  6:26  Zealot x2  
  79  7:18  Zealot x3  
  83  7:35  Zealot  
Show
View Real Time Build Order
Export as new Build Order

A.I. 1 (Easy) Protoss 

Build Orders:  

Get SALT Encoding   

  12  0:00  Probe  
  13  0:13  Probe  
  14  0:19  Pylon  
  14  0:25  Probe  
  15  0:33  Probe  
  16  0:43  Assimilator  
  16  0:50  Gateway  
  16  0:54  Pylon  
  16  1:17  Assimilator  
  16  1:29  Zealot  
  16  1:38  Cybernetics Core  
  18  1:44  Probe  
  19  1:57  Pylon  
  19  1:58  Probe  
  20  2:05  Warp Gate  
  20  2:07  Probe  
  20  2:15  Probe  
  21  2:16  Adept  
  24  2:27  Probe  
  25  2:39  Probe  
  26  2:46  Stalker  
  28  3:16  Adept  
  30  3:44  Probe  
  29  3:56  Probe  
  30  5:32  Probe  
  30  5:35  Stalker  
  30  5:38  Pylon  
  33  5:53  Probe  
  34  5:57  Robotics Facility  
  34  5:59  Pylon, Stalker  
  36  6:05  Probe  
  37  6:17  Probe  
  30  6:22  Stalker  
  32  6:39  Nexus  
  32  6:46  Sentry, Observer  
  34  7:07  Observer  
  34  7:08  Probe  
  29  7:09  Stalker  
  29  7:20  Probe  
  27  7:32  Probe  
  13  7:44  Probe  
  13  7:48  Pylon  
  9  7:55  Gateway  
Tags
 
League
Gold
Matchup
PvP
Spawn Locations
Cross Positions
Add a new tag
Caveats
  • Supply blocks, unpowered buildings, or Contaminate may cause inaccurate times.
  • Supply counts are checked every 10 seconds.